 Dungeon Crawl Stone Soup version 0.26.1-16-g4e020e15dc (webtiles) character file.

Game seed: 12773606691559947177

130 BiteMe the Firebug (level 4, -2/30 HPs)
             Began as a Demonspawn Fire Elementalist on Dec 24, 2023.
             Slain by a worker ant (7 damage)
             ... on level 4 of the Dungeon.
             The game lasted 00:19:18 (3282 turns).

BiteMe the Firebug (Demonspawn Fire Elementalist)   Turns: 3282, Time: 00:19:18

Health: -2/30      AC:  2    Str:  9    XL:     4   Next: 90%
Magic:  4/8        EV: 14    Int: 25    God:
Gold:   78         SH:  0    Dex: 13    Spells: 7/8 levels left

rFire    . . .     SeeInvis .   l - +0 mace
rCold    . . .     Faith    .   (no shield)
rNeg     . . .     Spirit   .   a - +0 robe
rPois    .         Reflect  .   (no helmet)
rElec    .         Harm     .   (no cloak)
rCorr    .         Rampage  .   (no gloves)
Will     .....                  (no boots)
Stlth    ++........             (no amulet)
HPRegen  0.10/turn              d - +6 ring of intelligence
MPRegen  0.11/turn              (no ring)

@: lethally poisoned (-2 -> -5)
A: repulsion field 1, blurry vision 1, clever 1
a: no special abilities


You were on level 4 of the Dungeon.
You visited 1 branch of the dungeon, and saw 4 of its levels.

You collected 78 gold pieces.

Inventory:

Hand Weapons
 l - a +0 mace (weapon)
 p - a +0 spear
Missiles
 m - 26 arrows
Armour
 a - a +0 robe (worn)
Jewellery
 d - a +6 ring of intelligence (left hand)
Scrolls
 c - a scroll of identify {unknown}
 f - a scroll of fog {unknown}
 h - 5 scrolls of remove curse {unknown}
 j - a scroll of amnesia {unknown}
 n - a scroll of immolation {unknown}
Potions
 b - 3 potions of lignification {unknown}
 e - 2 potions of might {unknown}
 g - a potion of ambrosia {unknown}
 i - a potion of curing {unknown}
 k - a potion of mutation
 o - 2 potions of cancellation {unknown}


   Skills:
 + Level 2.1 Dodging
 + Level 2.2 Stealth
 + Level 2.8 Spellcasting
 * Level 2.6 Conjurations
 + Level 3.6 Fire Magic


You had 7 spell levels left.
You knew the following spells:

 Your Spells              Type           Power        Failure   Level
a - Foxfire               Conj/Fire      76%          3%          1

Your spell library contained the following spells:

 Spells                   Type           Power        Failure   Level
 Conjure Flame            Conj/Fire      19%          9%          3
 Animate Skeleton         Necr           6%           11%         1
 Apportation              Tloc           6%           11%         1
 Corona                   Hex            3%           11%         1
 Summon Small Mammal      Summ           12%          11%         1
 Inner Flame              Hex/Fire       12%          14%         3
 Sticky Flame             Conj/Fire      19%          28%         4
 Fireball                 Conj/Fire      9%           63%         5


Dungeon Overview and Level Annotations

Branches:
Dungeon (4/15)
 Temple: D:4-7

Altars:
Cheibriados
Wu Jian

Annotations:
D:3 Robin


Innate Abilities, Weirdness & Mutations

You are surrounded by a mild repulsion field. (EV +2)
Scrolls take you a little longer to read.
Your mind is acute. (Int +2)


Message History

You feel sick. The worker ant barely misses you.
You barely miss the worker ant.
The worker ant is heavily wounded.
You feel sick.
The foxfire hits the worker ant.
The worker ant is heavily wounded.
The worker ant bites you! The worker ant barely misses you.
Casting: Foxfire (safe; 3% risk of failure)
Press: ? - help, Q - select action Dir - look around, f - activate You conjure some foxfire!
The worker ant closely misses you.
You hit the worker ant but do no damage.
The worker ant is heavily wounded.
You feel sick.
The foxfire hits the worker ant.
The worker ant is severely wounded.
The worker ant misses you. The worker ant bites you.
* * * LOW HITPOINT WARNING * * *
It was a potion of mutation.
You feel extremely strange.
Your vision blurs.
You feel clever. The worker ant bites you!
You die...

##### .... ..#
#.#
#.###########...
#@Bl<).....(....
###########.....
... .


You could see a worker ant and a frilled lizard.

Vanquished Creatures
  An orc priest (D:3)
  A hound (D:2)
  4 adders
  A worm (D:2)
  2 dart slugs
  A leopard gecko (D:1)
  2 orcs
  2 giant cockroaches
  5 goblins
  5 hobgoblins
  A kobold (D:2)
  2 bats
  5 rats
32 creatures vanquished.

Vanquished Creatures (collateral kills)
  A foxfire (D:1)
1 creature vanquished.

Vanquished Creatures (others)
  78 foxfires
  2 plants (D:1)
80 creatures vanquished.

Grand Total: 113 creatures vanquished

Notes
Turn   | Place    | Note
-------+----------+-------------------------------------------
     0 | D:1      | BiteMe the Demonspawn Fire Elementalist began the quest for
                  | the Orb.
     0 | D:1      | Reached XP level 1. HP: 13/13 MP: 3/3
  1340 | D:1      | Reached skill level 3 in Fire Magic
  1340 | D:1      | Gained mutation: You are surrounded by a mild repulsion
                  | field. (EV +2) [demonic ancestry]
  1340 | D:1      | Reached XP level 2. HP: 19/19 MP: 0/5
  1854 | D:2      | Found a snail-covered altar of Cheibriados.
  1987 | D:2      | Found an ornate altar of the Wu Jian Council.
  2233 | D:2      | Reached XP level 3. HP: 24/24 MP: 3/6
  2545 | D:2      | Reached XP level 4. HP: 30/30 MP: 3/7
  3221 | D:3      | Noticed Robin
  3282 | D:4      | Gained mutation: Scrolls take you a little longer to read.
                  | [potion of mutation]
  3282 | D:4      | Gained mutation: Your mind is acute. (Int +2) [potion of
                  | mutation]
  3282 | D:4      | Slain by a worker ant

Illustrated notes

Levels and vault maps discovered:
D:1:      lightli_arrival_statuegarden, layout_basic, serial_forest,
          infiniplex_forest_lined_3, infiniplex_forest_lined_1,
          infiniplex_forest_straight_4, infiniplex_forest_lined_ring,
          infiniplex_forest_end_2, infiniplex_forest_zigzag_2,
          infiniplex_forest_pool, infiniplex_forest_corner_2, dk_noncrumbling_4,
          minmay_misc_feat_x
D:2:      layout_loops_corners, general_overflow_altar, kennysheep_slug_shrine
D:3:      layout_basic, gammafunk_ghost_necromancy, hangedman_decor_points,
          nicolae_ru_path_of_blood, uniq_robin
D:4:      layout_loops_ring, minmay_temple_entry_grid, uniq_ijyb

Skill      XL: |  1  2  3 |
---------------+----------+-----
Fire Magic     | 3 |  3.6
Stealth        | 2 |  2.2
Dodging        | 2 |  2.1
Conjurations   | 2 |  2.6
Spellcasting   | |  2.8

Action                   |  1- 3 |  4- 6 || total
-------------------------+-------+-------++-------
Melee: Unarmed           |    71 |       ||    71
       Club              |     2 |       ||     2
       Mace              |       |     7 ||     7
 Cast: Foxfire           |    35 |    18 ||    53
  Use: Potion            |       |     1 ||     1
Armor: Robe              |     3 |     2 ||     5
Dodge: Dodged            |    10 |    21 ||    31
